 Dungeon Crawl Stone Soup version 0.30.1-11-g7821555f0a (webtiles) character file.

Game seed: 15560175612874385821

24409 monsoonserge the Marksspriggan (level 12, -5/65 HPs)
             Began as a Spriggan Hunter on Oct 28, 2023.
             Was a High Priest of Okawaru.
             Killed by the air
             ... invoked by a wind drake
              (13 damage)
             ... on level 3 of the Lair of Beasts.
             The game lasted 00:53:00 (16644 turns).

monsoonserge the Marksspriggan (Spriggan Hunter)   Turns: 16644, Time: 00:53:00

Health: -5/65      AC:  8    Str:  7    XL:     12   Next: 80%
Magic:  19/19      EV: 25    Int: 12    God:    Okawaru [*****.]
Gold:   1015       SH: 12    Dex: 31    Spells: 11/11 levels left

rFire   . . .        R - +1 hand crossbow of Midsummer {penet, Dex+3}
rCold   . . .        c - +0 buckler
rNeg    . . .        M - +0 steam dragon scales
rPois   +            (helmet restricted)
rElec   .            N - +2 cloak {Stlth+}
rCorr   .            (gloves unavailable)
SInv    +            (boots unavailable)
Will    ++...        C - amulet of reflection
Stlth   +++++        Q - ring of poison resistance
HPRegen 0.30/turn    L - +6 ring of dexterity
MPRegen 0.16/turn

%: reflection
@: very quick
A: very small, no large weapons, unfitting armour, see invisible, speed 3
a: Renounce Religion, Heroism, Finesse, Duel


You were on level 3 of the Lair of Beasts.
You worshipped Okawaru.
Okawaru was extremely pleased with you.
You visited 3 branches of the dungeon, and saw 15 of its levels.

You collected 1097 gold pieces.
You spent 82 gold pieces at shops.

Inventory:

Hand Weapons
 R - the +1 hand crossbow of Midsummer (weapon) {penet, Dex+3}
   (Okawaru gifted it to you on level 10 of the Dungeon)

   Dex:       It affects your dexterity (+3).
Missiles
 j - 19 poisoned darts
 I - 3 atropa-tipped darts
 O - 3 curare-tipped darts
 P - 5 boomerangs of dispersal
Armour
 c - a +0 buckler (worn)
 f - an orb of wrath
 t - a scarf of invisibility
 y - an orb of energy
 M - +0 steam dragon scales (worn)
 N - a +2 cloak of stealth (worn)
Jewellery
 C - an amulet of reflection (around neck)
 G - a +4 ring of protection
 H - a ring of positive energy
 J - a ring of protection from cold
 K - a ring of wizardry
 L - a +6 ring of dexterity (right hand)
 Q - a ring of poison resistance (left hand)
Wands
 r - a wand of flame (15)
 B - a wand of acid (9)
Scrolls
 a - a scroll of enchant weapon
 b - 3 scrolls of immolation
 g - 3 scrolls of fear
 h - 10 scrolls of teleportation
 i - 2 scrolls of amnesia {unknown}
 k - 2 scrolls of magic mapping
 n - 3 scrolls of brand weapon
 v - a scroll of poison
 w - 2 scrolls of enchant armour
 x - a scroll of blinking
 E - 3 scrolls of vulnerability {unknown}
Potions
 d - 6 potions of heal wounds
 e - 7 potions of might {unknown}
 l - 6 potions of brilliance {unknown}
 m - a potion of resistance
 o - 17 potions of curing
 p - 2 potions of magic {unknown}
 q - 4 potions of attraction {unknown}
 s - 3 potions of degeneration {unknown}
 u - 6 potions of flight {unknown}
 z - 5 potions of haste
 A - a potion of ambrosia {unknown}
 D - 3 potions of lignification {unknown}


   Skills:
 + Level 8.2 Fighting
 + Level 16.2 Ranged Weapons
 + Level 7.2 Dodging
 + Level 5.0 Stealth
 * Level 3.6 Shields
 * Level 8.5 Invocations
 + Level 1.1 Evocations


You had 11 spell levels left.
You didn't know any spells.
Your spell library contained the following spells:

 Spells                   Type           Power      Damage    Failure   Level
 Necrotise                Necr           0%         1d4       45%         1
 Cigotuvi's Dreadful Rot  Necr/Pois/Air  0%         N/A       61%         2
 Ensorcelled Hibernation  Hex/Ice        0%         N/A       61%         2
 Dazzling Flash           Conj/Hex       0%         N/A       83%         3
 Ignite Poison            Fire/Tmut/Pois 0%         N/A       83%         3
 Spider Form              Tmut/Pois      0%         N/A       83%         3
 Vampiric Draining        Necr           0%         2d6       83%         3
 Anguish                  Hex/Necr       0%         N/A       99%         4
 Passage of Golubria      Tloc           0%         N/A       99%         4
 Agony                    Necr           0%         N/A       100%        5
 Freezing Cloud           Conj/Ice/Air   0%         6-21      100%        5
 Silence                  Hex/Air        0%         N/A       100%        5
 Yara's Violent Unravell  Hex/Tmut       0%         3d3       100%        5
 Summon Small Mammal      Summ           Unusable   N/A       N/A         1
 Call Canine Familiar     Summ           Unusable   N/A       N/A         3
 Summon Guardian Golem    Hex/Summ       Unusable   N/A       N/A         3
 Tukima's Dance           Hex            Unusable   N/A       N/A         3

Dungeon Overview and Level Annotations

Branches:
Dungeon (11/15)            Temple (1/1) D:4            Lair (3/5) D:11
 Shoals (0/4) Lair:3        Snake (0/4) Lair:2
    Orc: D:9-12

Altars:
Ashenzari
Cheibriados
Dithmenos
Elyvilon
Fedhas
Gozag
Hepliaklqana
Kikubaaqudgha
Makhleb
Nemelex Xobeh
Okawaru
Qazlal
Ru
Sif Muna
Trog
Uskayaw
Vehumet
Wu Jian
Xom
Yredelemnul
Zin
The Shining One

Shops:
D:4 *   D:5 [   D:10 (=*   D:11 *

Annotations:
D:9 exclusion: orange crystal statue
D:11 3 runed translucent doors, turdburglar's ghost, journeyman OgGl


Innate Abilities, Weirdness & Mutations

You are very small and have problems with some larger weapons.
You are too small for most types of armour.
You have supernaturally acute eyesight. (SInv)
You cover ground extremely quickly. (Speed+++)


Message History

You shoot a bolt. The bolt misses the blink frog.
The blink frog blinks!
The wind drake completely misses you.
Unknown command.
Fire: R) +1 hand crossbow of Midsummer {penet, Dex+3}
Press: ? - help, Q - select action, (/) - cycle Shift-Dir - straight line, f/p - blink frog
Aim: a blink frog (heavily wounded, 64% to hit)
You shoot a bolt.
The bolt pierces through the blink frog.
The blink frog is severely wounded.
The wind drake closely misses you.
The blink frog blinks!
The wind drake closely misses you.
Fire: R) +1 hand crossbow of Midsummer {penet, Dex+3}
Press: ? - help, Q - select action, (/) - cycle Shift-Dir - straight line, f/p - blink frog
Aim: a blink frog (severely wounded, 64% to hit)
You shoot a bolt. The bolt barely misses the wind drake.
The bolt pierces through the blink frog!!
You kill the blink frog!
Okawaru accepts your kill. The wind drake flaps its wings at you.
The air twists around and strikes you!
Fire: R) +1 hand crossbow of Midsummer {penet, Dex+3}
Press: ? - help, Q - select action, (/) - cycle Shift-Dir - straight line, f - wind drake
Aim: a wind drake (repelling missiles, 39% to hit)
You shoot a bolt.
The bolt pierces through the wind drake!
The wind drake is moderately wounded.
The wind drake completely misses you.
Fire: R) +1 hand crossbow of Midsummer {penet, Dex+3}
Press: ? - help, Q - select action, (/) - cycle Shift-Dir - straight line, f/p - wind drake
Aim: a wind drake (moderately wounded, repelling missiles, 39% to hit)
You shoot a bolt. The bolt barely misses the wind drake.
The wind drake bites you. The wind drake flaps its wings at you.
The air twists around and strikes you!
* * * LOW HITPOINT WARNING * * *
Press: ? - help, v - describe, . - travel A rock wall.
The wind drake flaps its wings at you. The air twists around and strikes you!
You die...

##.....###....
##............ ..
##..#.......#.# ..#
.....##..#.## #.#####
......###..##
#####...#.##
.(((.......P#####
#...........
.......##...#...##
#..........
..(............#.##
#..........
......###...#..[@.##
##.......... .....#
##.#####...###....<...(..
...(## #..#
##..k†.'.......... ..###
#...# ###†##...........
##.# ##.##
#####.......... # ## #.
###..'.P#.. .. ##.H#####
## #..## .#####. #...#


You could see a wind drake (repels missiles).

Vanquished Creatures
  Rupert (Lair:3)
  3 centaur warriors
  A two-headed ogre (D:11)
  A tengu warrior (D:11)
  A skeletal warrior (D:10)
  Pikel (D:6)
  2 manticores
  A cyclops (D:10)
  An ugly thing (D:11)
  A black mamba (Lair:2)
  Maggie (D:7)
  An unseen horror (D:11)
  4 komodo dragons
  A gargoyle (D:11)
  4 cane toads
  An efreet (D:11)
  3 kobold demonologists (D:11)
  The ghost of lonewolfV2 the Chopper, an amateur DsFi of Xom (D:5)
  7 blink frogs
  3 slime creatures (D:11)
  3 shadows
  2 wraiths (D:11)
  A wyvern (D:10)
  A vampire (D:10)
  12 yaks
  2 basilisks
  A steam dragon (D:10)
  2 vampire mosquitoes (D:11)
  3 nagas (Lair:2)
  An acid dragon (D:10)
  9 water moccasins
  A sky beast (D:6)
  6 black bears
  3 ice beasts
  An orc warrior (D:9)
  6 wolves (Lair:2)
  2 centaurs
  3 boggarts (D:10)
  3 lemures
  2 phantoms
  3 kobold brigands
  8 bullfrogs
  3 scorpions
  A gnoll sergeant (D:11)
  20 wights
  22 killer bees
  4 howler monkeys
  3 lava snakes (D:9)
  A hound (D:4)
  7 orc priests
  A jelly (D:3)
  3 sleepcaps
  Crazy Yiuf (D:2)
  A gnoll bouda (D:6)
  3 iguanas
  Natasha (thrice) (D:4)
  9 orc wizards
  Terence (D:2)
  Robin (D:3)
  12 gnolls
  4 adders
  A shadow imp (D:7)
  2 white imps
  An ufetubus (D:7)
  6 dart slugs
  38 orcs
  11 endoplasms
  5 giant cockroaches
  12 goblins
  7 hobgoblins
  15 kobolds
  3 quokkas
  5 ball pythons
  5 bats
  4 frilled lizards
  3 rats
332 creatures vanquished.

Vanquished Creatures (others)
  A blink frog (Lair:3)
1 creature vanquished.

Grand Total: 333 creatures vanquished

Notes
Turn   | Place    | Note
-------+----------+-------------------------------------------
     0 | D:1      | monsoonserge the Spriggan Hunter began the quest for the
                  | Orb.
     0 | D:1      | Reached XP level 1. HP: 10/10 MP: 2/2
   216 | D:1      | Reached XP level 2. HP: 14/14 MP: 3/3
   260 | D:1      | Found a faded altar of an unknown god.
   525 | D:1      | You fall into a shaft and drop 1 floor!
   572 | D:2      | Noticed Robin
   625 | D:3      | Killed Robin
   626 | D:3      | Reached XP level 3. HP: 12/18 MP: 4/4
   655 | D:2      | Reached skill level 5 in Ranged Weapons
  1155 | D:2      | Reached XP level 4. HP: 23/23 MP: 5/5
  1201 | D:2      | Noticed Terence
  1212 | D:2      | Killed Terence
  1421 | D:2      | Found a runed translucent door.
  1422 | D:2      | Noticed Crazy Yiuf
  1615 | D:2      | Killed Crazy Yiuf
  1787 | D:3      | Found a burning altar of Makhleb.
  1943 | D:3      | Reached XP level 5. HP: 26/26 MP: 6/6
  1950 | D:2      | Reached skill level 6 in Ranged Weapons
  1974 | D:3      | Found a broken altar of Ashenzari.
  1974 | D:3      | Found a snail-covered altar of Cheibriados.
  3024 | D:4      | Reached XP level 6. HP: 23/30 MP: 7/7
  3095 | D:4      | Found a staircase to the Ecumenical Temple.
  3102 | Temple   | Entered the Ecumenical Temple
  3341 | Temple   | Became a worshipper of Warmaster Okawaru
  3369 | D:4      | Reached skill level 7 in Ranged Weapons
  3422 | D:4      | Found Plog's Assorted Antiques.
  3492 | D:4      | Bought a scroll labelled DERIOWK NARY for 22 gold pieces
  3492 | D:4      | Bought a fuming amethyst potion for 19 gold pieces
  3492 | D:4      | Bought a scroll labelled JOTIBI ENWINAE for 22 gold pieces
  3492 | D:4      | Bought a bubbling black potion for 19 gold pieces
  3607 | D:4      | Noticed Natasha
  3624 | D:4      | Killed Natasha
  3625 | D:4      | Reached skill level 1 in Invocations
  3807 | D:4      | Noticed Natasha
  3812 | D:4      | Killed Natasha
  3869 | D:4      | Reached * piety under Okawaru
  4081 | D:5      | Entered Level 5 of the Dungeon
  4088 | D:5      | Reached XP level 7. HP: 35/35 MP: 8/8
  4168 | D:5      | Found a shimmering blue altar of Sif Muna.
  4271 | D:5      | Reached skill level 8 in Ranged Weapons
  4308 | D:4      | Noticed Natasha
  4478 | D:4      | Killed Natasha
  4584 | D:5      | Found Ukheerra's Armour Shop.
  5179 | D:5      | Found a runed translucent door.
  5181 | D:5      | Noticed lonewolfV2's ghost (amateur DsFi)
  5319 | D:6      | Reached ** piety under Okawaru
  5618 | D:6      | Reached skill level 9 in Ranged Weapons
  5618 | D:6      | Reached XP level 8. HP: 40/40 MP: 10/10
  6119 | D:6      | Reached skill level 10 in Ranged Weapons
  6398 | D:6      | Reached *** piety under Okawaru
  7102 | D:7      | Noticed Pikel
  7134 | D:6      | Reached XP level 9. HP: 41/46 MP: 11/11
  7214 | D:7      | Found a shadowy altar of Dithmenos.
  7375 | D:6      | Killed Pikel
  7376 | D:6      | Reached skill level 11 in Ranged Weapons
  7625 | D:7      | Reached **** piety under Okawaru
  7815 | D:7      | Noticed Maggie
  7900 | D:7      | Reached skill level 5 in Fighting
  8434 | D:8      | Received a gift from Okawaru
  8467 | D:8      | Found a hazy altar of Hepliaklqana.
  8620 | D:8      | Reached skill level 5 in Dodging
  8817 | D:8      | Reached skill level 12 in Ranged Weapons
  8915 | D:8      | Found a basalt altar of Yredelemnul.
  9533 | D:9      | Noticed an orange crystal statue
  9766 | D:9      | Reached XP level 10. HP: 41/51 MP: 13/13
 10947 | D:9      | Reached skill level 13 in Ranged Weapons
 11196 | D:5      | Killed lonewolfV2's ghost
 11197 | D:5      | Reached skill level 5 in Invocations
 11273 | D:7      | Killed Maggie
 11404 | D:10     | Entered Level 10 of the Dungeon
 11404 | D:10     | Found Peusmied's Antique Weapon Emporium.
 11406 | D:10     | Found Hoahisur's Jewellery Emporium.
 11408 | D:10     | Found Mafysk's General Store.
 11975 | D:10     | Noticed a centaur warrior
 11991 | D:10     | Killed a centaur warrior
 12036 | D:10     | Noticed a cyclops
 12444 | D:10     | Noticed a centaur warrior
 12456 | D:10     | Killed a centaur warrior
 12456 | D:10     | Reached ***** piety under Okawaru
 12457 | D:10     | Reached skill level 1 in Evocations
 12457 | D:10     | Reached XP level 11. HP: 40/57 MP: 14/16
 12474 | D:10     | Found a shimmering altar of Xom.
 12673 | D:10     | Reached skill level 14 in Ranged Weapons
 12686 | D:10     | Noticed a deep elf pyromancer
 12693 | D:10     | Noticed a skeletal warrior
 13133 | D:11     | Noticed a two-headed ogre
 13607 | D:10     | Killed a skeletal warrior
 13684 | D:11     | Found a runed translucent gate.
 13685 | D:11     | Found a runed translucent gate.
 13686 | D:11     | Found a runed translucent gate.
 13687 | D:11     | Identified the +2 chain mail of Lethargy {Dex+3}
 13688 | D:11     | Noticed turdburglar's ghost (journeyman OgGl)
 13724 | D:11     | Found a staircase to the Lair.
 13991 | D:11     | Noticed a two-headed ogre
 13993 | D:11     | Noticed a two-headed ogre
 14024 | D:10     | Identified the +1 hand crossbow of Midsummer {penet, Dex+3}
                  | (Okawaru gifted it to you on level 10 of the Dungeon)
 14024 | D:10     | Received a gift from Okawaru
 14046 | D:11     | Noticed a centaur warrior
 14108 | D:11     | Noticed a cyan ugly thing
 14340 | D:11     | Reached skill level 1 in Shields
 14382 | D:11     | Killed a centaur warrior
 14383 | D:11     | Reached skill level 15 in Ranged Weapons
 14385 | D:11     | Noticed a tengu warrior
 14405 | D:11     | Killed a cyan ugly thing
 14406 | D:11     | Killed a tengu warrior
 14534 | D:11     | Killed a two-headed ogre
 14535 | D:11     | Reached XP level 12. HP: 63/63 MP: 18/18
 14558 | Lair:1   | Entered Level 1 of the Lair of Beasts
 14608 | Lair:1   | Reached ****** piety under Okawaru
 15198 | Lair:2   | Identified the +12 gold dragon scales "Piemy" {rElec rPois
                  | rF+ rC+ Int-4 Dex+4} (Okawaru gifted it to you on level 2
                  | of the Lair of Beasts)
 15198 | Lair:2   | Received a gift from Okawaru
 15798 | Lair:2   | Found a staircase to the Snake Pit.
 16162 | Lair:3   | Found a staircase to the Shoals.
 16471 | Lair:3   | Reached skill level 16 in Ranged Weapons
 16474 | Lair:3   | Noticed Rupert
 16526 | Lair:3   | Killed Rupert
 16542 | Lair:3   | Reached skill level 5 in Stealth
 16644 | Lair:3   | Killed from afar by a wind drake

Illustrated notes

Levels and vault maps discovered:
D:1:      scummos_arrival_forest, layout_loops_corners,
          shapermc_ecumenical_altar_totnotflames
D:2:      layout_rooms, uniq_terence, uniq_crazy_yiuf_cottage, uniq_robin
D:3:      layout_basic, lemuel_crystal_altar,
          mainiacjoe_overflow_large_starburst
D:4:      minmay_evil_eye, layout_basic, minmay_temple_entry_arrows,
          serial_shops, shop, nicolae_titane, uniq_natasha
D:5:      layout_rooms, nicolae_overflow_crystal_walls,
          ebering_ghost_reflecting_pool, serial_shops,
          nicolae_inconvenience_store
D:6:      layout_cave_pods
D:7:      layout_gridville, overflow_temple_1_default, uniq_pikel, uniq_maggie
D:8:      layout_loops_corners, lemuel_crystal_altar,
          mainiacjoe_overflow_alcove_1
D:9:      layout_loops_ring, nicolae_benzene_ring, grunt_ministairs_10,
          disabler_island
D:10:     layout_stronghold, mainiacjoe_overflow_tiny_flanked,
          small_chamber_with_monster, nicolae_shop_distant_corner_stores,
          minmay_shattered_shrine
D:11:     layout_cave_pools, david_lair_shrubbed, biasface_ghost_orc_armoury,
          minivault_23, minmay_pinched_square
Temple:   eino_temple_water
Lair:1:   layout_misc_corridors, beast_lair_carwin_8
Lair:2:   layout_regular_city, nicolae_snake_entry_squirm
Lair:3:   layout_roguey, minmay_shoals_entry_beasts, nicolae_lair_lil_pond,
          dpeg_oklob_1, lemuel_fruit_tree, uniq_rupert

Skill      XL: |  1  2  3  4  5  6  7  8  9 10 11 12 |
---------------+-------------------------------------+-----
Ranged Weapons | 5 6 7 9 10 12 13 15 16 | 16.2
Fighting       | 2 3 4 5 6 7 8 |  8.2
Dodging        | 3 4 5 6 7 |  7.2
Stealth        | 2 3 4 5 |  5.0
Invocations    | 1 2 3 5 7 8 |  8.5
Evocations     | 1 |  1.1
Shields        | 1 3 |  3.6

Action                     |  1- 3 |  4- 6 |  7- 9 | 10-12 || total
---------------------------+-------+-------+-------+-------++-------
  Melee: Shortbow          |       |       |     1 |       ||     1
   Fire: Shortbow          |    76 |   213 |   558 |   538 ||  1385
         Hand crossbow     |       |       |       |   249 ||   249
 Invoke: Heroism           |       |       |       |    10 ||    10
         Finesse           |       |       |       |     3 ||     3
    Use: Scroll            |       |     4 |     5 |     5 ||    14
         Potion            |       |       |     1 |     2 ||     3
 Armour: Robe              |     2 |    17 |    28 |    20 ||    67
         Steam dragon scal |       |       |       |    31 ||    31
  Dodge: Dodged            |    19 |    74 |   175 |   322 ||   590
  Block: Other             |       |       |    31 |    61 ||    92
         Reflection        |       |       |     2 |     9 ||    11
         Buckler           |       |       |       |    69 ||    69
